 Seeded DCSS version 0.27-a0-679-g77a6b55cf3 (webtiles) character file.

Game seed: 19781204 (custom seed)

53 Snicker the Sneak (level 3, -4/27 HPs)
             Began as a Demonspawn Brigand on Mar 18, 2021.
             Slain by a gnoll
             ... wielding a +0 halberd
              (13 damage)
             ... on level 2 of the Dungeon.
             The game lasted 00:03:06 (2216 turns).

Snicker the Sneak (Demonspawn Brigand)              Turns: 2216, Time: 00:03:07

Health: -4/27      AC:  4    Str: 11    XL:     3   Next: 64%
Magic:  3/3        EV: 12    Int: 12    God:
Gold:   27         SH:  0    Dex: 15    Spells: 2/2 levels left

rFire    . . .     SeeInvis .   b - +1 whip (elec)
rCold    . . .     Faith    .   (no shield)
rNeg     . . .     Spirit   .   m - +0 robe
rPois    .         Reflect  .   (no helmet)
rElec    .         Harm     .   c - +0 cloak
rCorr    .         Rampage  .   i - +0 pair of gloves
Will     .....                  (no boots)
Stlth    +++.......             l - amulet of regeneration
HPRegen  1.09/turn              (no ring)
MPRegen  0.08/turn              (no ring)

@: no status effects
A: claws 1
a: no special abilities


You were on level 2 of the Dungeon.
You visited 1 branch of the dungeon, and saw 2 of its levels.

You collected 27 gold pieces.

Inventory:

Hand Weapons
 a - a +2 dagger
 b - a +1 whip of electrocution (weapon)
 g - a +2 whip of pain
Missiles
 d - 8 poisoned darts (quivered)
 e - 2 curare-tipped darts
Armour
 c - a +0 cloak (worn)
 i - a +0 pair of gloves (worn)
 m - a +0 robe (worn)
Jewellery
 l - an amulet of regeneration (around neck)
Scrolls
 h - 4 scrolls of identify {unknown}
 k - a scroll of teleportation {unknown}
Potions
 f - a potion of flight {unknown}
 j - a potion of heal wounds {unknown}


   Skills:
 + Level 2.1 Fighting
 * Level 2.4 Short Blades
 + Level 1.8 Throwing
 + Level 1.1 Dodging
 * Level 4.5 Stealth


You had 2 spell levels left.
You didn't know any spells.
Your spell library was empty.

Dungeon Overview and Level Annotations

Branches:
Dungeon (2/15)

Altars:


Innate Abilities, Weirdness & Mutations

You have sharp fingernails.


Message History

Unknown command.
A gnoll comes into view.
It is wielding a +1 whip of electrocution.
A gnoll is nearby!
You start putting on your amulet.
You continue putting on your amulet of regeneration. x5
You finish putting on your amulet of regeneration.
The amulet throbs as it attunes itself to your uninjured body.
l - an amulet of regeneration (around neck) Unknown command.
Found a mace and 10 gold pieces. 2 gnolls come into view.
Found 10 stones.
The helpless gnoll fails to defend itself.
You impale the gnoll!!
You kill the gnoll!
You see here a +1 whip of electrocution.
m - a +1 whip of electrocution The gnoll hits you from afar with a +0 spear!
The gnoll shouts!
You hit the gnoll.
The gnoll is lightly wounded.
The gnoll hits you from afar with a +0 spear.
The gnoll hits you with a +0 halberd.
You hear the crackle of electricity.
m - a +1 whip of electrocution (weapon)
The gnoll hits you from afar with a +0 spear.
The gnoll misses you.
Adjust to which letter? (? for menu, Esc to quit)
b - a +1 whip of electrocution (weapon);
m - a +0 robe (worn)
You hit the gnoll.
The gnoll is heavily wounded.
The gnoll closely misses you. x2
You barely miss the gnoll.
The gnoll is heavily wounded.
The gnoll hits you but does no damage. The gnoll hits you with a +0 halberd.
* * * LOW HITPOINT WARNING * * *
You closely miss the gnoll.
The gnoll is heavily wounded.
The gnoll hits you with a +0 halberd!
You die...

### #$#.. #)#.#
#.#g#
###########.#g#
.......<..#.#@#
#######.#.#.#.###
......#.#.#...#
###.........#
#.#.#.#####
#.#.#.# #.#.#.#
#.#.#.# .$...


You could see 2 gnolls.

Vanquished Creatures
  A gnoll (D:2)
  An ooze (D:1)
  3 dart slugs (D:1)
  A leopard gecko (D:1)
  A ball python (D:1)
  2 bats (D:1)
  A giant cockroach (D:1)
  6 goblins (D:1)
  3 hobgoblins (D:1)
  4 jackals (D:1)
  A quokka (D:1)
  2 frilled lizards (D:1)
  3 kobolds (D:1)
  3 rats (D:1)
32 creatures vanquished.

Notes
Turn   | Place    | Note
-------+----------+-------------------------------------------
     0 | D:1      | Snicker the Demonspawn Brigand began the quest for the Orb.
     0 | D:1      | Reached XP level 1. HP: 16/16 MP: 1/1
    96 | D:1      | Reached skill level 4 in Stealth
   131 | D:1      | Gained mutation: You have sharp fingernails. [demonic
                  | ancestry]
   131 | D:1      | Reached XP level 2. HP: 15/22 MP: 2/2
   133 | D:1      | Reached skill level 1 in Dodging
  1479 | D:1      | Reached XP level 3. HP: 27/27 MP: 3/3
  2216 | D:2      | Slain by a gnoll

Illustrated notes

Levels and vault maps discovered:
D:1:      sevenhm_arrival_forest_fort_large_2, layout_basic
D:2:      layout_basic, bloody_makhleb, xom_redecorated, serial_shops,
          nicolae_shop_trees, uniq_natasha

Skill      XL: |  1  2 |
---------------+-------+-----
Stealth        | 4 |  4.5
Dodging        | 1 |  1.1
Short Blades   | 2 |  2.4
Fighting       | |  2.1
Throwing       | |  1.8

Action                   || total
-------------------------++-------
Melee: Dagger            ||   107
       Whip              ||     3
 Stab: Sleeping          ||     5
Armor: Robe              ||    31
Dodge: Dodged            ||    71

Table legend: (Time is in decaauts)
 A = Elapsed time spent in this place.
 B = Non-inter-level travel time spent in this place.
 C = Inter-level travel time spent in this place.
 D = Time resting spent in this place.
 E = Time spent auto-exploring this place.
 F = Levels seen in this place.
 G = Mean time per level.
                   A        B        C        D        E       F      G
               +--------+--------+--------+--------+--------+-----+--------+
         Total |   2205 |   2106 |     99 |    699 |   1121 |   2 | 1102.5 |
       Dungeon |   2205 |   2106 |     99 |    699 |   1121 |   2 | 1102.5 |
               +--------+--------+--------+--------+--------+-----+--------+

Top non-repeatable levels by time:
     D:1: 2183 daAuts
     D:2: 22 daAuts
